 Dungeon Crawl Stone Soup version 0.18-a0-1171-ga8e22e7 (webtiles) character file.

66 4thArraOfDagon the Chopper (level 3, 0/31 HPs)
             Began as a Centaur Berserker on Jan 26, 2016.
             Was a Follower of Trog.
             Slain by a hound (3 damage)
             ... on level 5 of the Dungeon.
             The game lasted 00:01:45 (399 turns).

4thArraOfDagon the Chopper (Centaur Berserker)       Turns: 399, Time: 00:01:45

Health: 0/31       AC:  4    Str: 20    XL:     3   Next: 96%
Magic:  3/3        EV:  9    Int:  6    God:    Trog [*.....]
Gold:   81         SH:  0    Dex:  8    Spells: 0 memorised, 2 levels left

rFire  . . .     SeeInvis .     a - +0 hand axe
rCold  . . .     Gourm    .     b - +0 animal skin
rNeg   . . .     Faith    .     (no shield)
rPois  .         Spirit   .     (helmet restricted)
rElec  .         Dismiss  .     (no cloak)
rCorr  .         Reflect  .     (no gloves)
SustAt .         Harm     .     (no barding)
MR     +....                    (no amulet)
Stlth  +.........               (no ring)
                                (no ring)

@: exhausted, very quick, somewhat resistant to hostile enchantments, very
unstealthy
A: hooves 3, horns 1, deformed body, speed 2, magic resistance 1, tough skin 3
a: Berserk, Burn Spellbooks, Renounce Religion


You were on level 5 of the Dungeon.
You worshipped Trog.
Trog was aware of your devotion.
You were very hungry.

You visited 1 branch of the dungeon, and saw 6 of its levels.

You collected 81 gold pieces.

Inventory:

Hand Weapons
 a - a +0 hand axe (weapon)
Armour
 b - a +0 animal skin (worn)
Jewellery
 d - an uncursed ring of ice
Potions
 e - a potion of poison {unknown}
Comestibles
 c - 2 bread rations
 f - a meat ration


   Skills:
 + Level 3.4 Fighting
 * Level 3.7 Axes
 + Level 2.0 Armour
 - Level 1.3 Dodging


You had 2 spell levels left.
You didn't know any spells.

Dungeon Overview and Level Annotations

Branches:
Dungeon (6/15)
 Temple: D:4-7

Altars:
Qazlal
Vehumet
Xom


Innate Abilities, Weirdness & Mutations

You have hooves in place of feet.
Armour fits poorly on your strangely shaped body.
You cover ground very quickly.
You have extremely tough skin (AC +3).
You have a pair of small horns on your head.
You are resistant to hostile enchantments.


Message History

The hound barks!
The adder barely misses you. The adder misses you.
The adder completely misses you. The adder bites you.
* * * LOW HITPOINT WARNING * * *
There is a stone staircase leading up here.
The hound bites you.
* * * LOW HITPOINT WARNING * * *
The adder bites you but does no damage. The hound barely misses you.
The adder bites you but does no damage.
You climb upwards.
There is a stone staircase leading down here.
Unknown command.
Unknown command.
The adder closely misses you. The hound bites you but does no damage.
Unknown command.
You feel yourself speed up. The hound bites you.
You die...

#.##.# .#
#..#.####.#
#(........#
#..#.##.#.#
#######..#.##...#
..$........###..#
###.###.>### #<.#
#Sh#####..#
#..@......#
##.#####.## #..
... #.. ... #.##
### #.# #.# #.


You could see a hound and an adder.

Vanquished Creatures
  A scorpion (D:6)
  2 giant geckos
  A goblin (D:1)
  A hobgoblin (D:1)
  2 kobolds
  4 bats
  A giant newt (D:2)
  2 rats
14 creatures vanquished.

Notes
Turn   | Place    | Note
--------------------------------------------------------------
     0 | D:1      | 4thArraOfDagon the Centaur Berserker began the quest for the Orb.
     0 | D:1      | Reached XP level 1. HP: 19/19 MP: 1/1
     7 | D:1      | Gained mutation: You are resistant to hostile enchantments. [potion of mutation]
     7 | D:1      | Gained mutation: You have a pair of small horns on your head. [potion of mutation]
   134 | D:2      | Found a radiant altar of Vehumet.
   157 | D:3      | Reached XP level 2. HP: 2/26 MP: 2/2
   195 | D:3      | Found a stormy altar of Qazlal.
   247 | D:3      | Found a shimmering altar of Xom.
   345 | D:5      | Entered Level 5 of the Dungeon
   359 | D:6      | Noticed a scorpion
   363 | D:6      | Killed a scorpion
   363 | D:6      | Reached XP level 3. HP: 14/31 MP: 3/3
   399 | D:5      | Slain by a hound

Vault maps used:
D:1:      dpeg_arrival_concentric_ovals
D:2:      overflow_temple_1_default, st_stairs_9
D:3:      xom_teletrap_fun, nicolae_qazlal_eye_of_the_storm
D:4:      ashenzari_altar_1, gammafunk_pakellas_statue_experiment, serial_shops,
          shop_fountains, okawaru_metal_pillars_1_2
D:5:      first_bread, uniq_menkaure, uniq_edmund
D:6:      lemuel_zombie_altar_kikubaaqudgha, kennysheep_little_box, uniq_pikel

Action                   || total
-------------------------++-------
Melee: Hand axe          ||    32
Invok: Berserk           ||     3
  Use: Potion            ||     1
